 Dungeon Crawl Stone Soup version 0.27.0-1-g7a089689b8 (webtiles) character file.

Game seed: 14692027834038921436

981 Delamore the Cutter (level 8, -8/52 HPs)
             Began as an Octopode Brigand on Aug 6, 2021.
             Was an Initiate of Gozag.
             Killed from afar by a steam dragon (18 damage)
             ... with a ball of steam
             ... on level 6 of the Dungeon.
             The game lasted 00:04:56 (7033 turns).

Delamore the Cutter (Octopode Brigand)              Turns: 7033, Time: 00:04:56

Health: -8/52      AC:  1    Str: 16    XL:     8   Next: 17%
Magic:  8/8        EV: 15    Int: 14    God:    Gozag
Gold:   448        SH:  0    Dex: 15    Spells: 7/7 levels left

rFire    . . .     SeeInvis .   a - +2 dagger
rCold    . . .     Faith    .   (no shield)
rNeg     . . .     Spirit   .   u - +0 hat
rPois    .         Reflect  .   (no amulet)
rElec    .         Harm     .   m - ring of willpower
rCorr    .         Rampage  .   l - +6 ring of strength
Will     +....                  (no ring)
Stlth    ++++......             (no ring)
HPRegen  0.17/turn              (no ring)
MPRegen  0.11/turn              (no ring)
                                (no ring)
                                (no ring)

@: no status effects
A: almost no armour, amphibious, 8 rings, camouflage 1, gelatinous body 1,
(nimble swimmer 1), tentacles
a: Renounce Religion, Potion Petition, Call Merchant, Bribe Branch


You were on level 6 of the Dungeon.
You worshipped Gozag.
Gozag was aware of your devotion.
You visited 2 branches of the dungeon, and saw 7 of its levels.

You collected 510 gold pieces.
You paid 62 gold pieces to Gozag.

Inventory:

Hand Weapons
 a - a +2 dagger (weapon)
 d - a +0 dagger of speed
 i - a +2 dagger of holy wrath
Missiles
 b - 37 poisoned darts (quivered)
 c - 2 curare-tipped darts
Armour
 u - a +0 hat (worn)
Jewellery
 l - a +6 ring of strength (right tentacle)
 m - a ring of willpower (left tentacle)
Wands
 q - a wand of iceblast (9)
 s - a wand of acid (7)
Scrolls
 j - a scroll of silence
 n - 2 scrolls of immolation
 p - a scroll of torment {unknown}
 t - a scroll of summoning {unknown}
 x - a scroll of acquirement {unknown}
Potions
 e - 2 potions of heal wounds
 f - a potion of mutation {unknown}
 g - 2 potions of flight
 h - a potion of magic {unknown}
 k - a potion of lignification {unknown}
 o - 2 potions of haste {unknown}
 r - a potion of ambrosia {unknown}
 v - 2 potions of curing
 w - a potion of might {unknown}


   Skills:
 - Level 3.0 Fighting
 * Level 7.6 Short Blades
 - Level 2.0 Throwing
 - Level 5.0 Dodging
 - Level 5.3 Stealth


You had 7 spell levels left.
You didn't know any spells.
Your spell library contained the following spells:

 Spells                   Type           Power      Damage    Failure   Level
 Beastly Appendage        Tmut           0%         N/A       28%         1
 Shock                    Conj/Air       0%         1d3       28%         1
 Slow                     Hex            0%         N/A       41%         2
 Wereblood                Tmut           0%         N/A       41%         2
 Confusing Touch          Hex            0%         N/A       65%         3
 Spider Form              Tmut/Pois      0%         N/A       65%         3
 Swiftness                Air            0%         N/A       65%         3
 Airstrike                Air            0%         N/A       96%         4
 Yara's Violent Unravell  Hex/Tmut       0%         3d3       100%        5


Dungeon Overview and Level Annotations

Branches:
Dungeon (6/15)             Temple (1/1) D:4

Altars:
Fedhas
Gozag
Hepliaklqana
Kikubaaqudgha
Nemelex Xobeh
Qazlal
Ru
Trog
Vehumet
Xom
The Shining One

Shops:
D:3 (

Annotations:
D:4 1 runed translucent door, Quickbrownfox's ghost, amateur DsIE


Innate Abilities, Weirdness & Mutations

You cannot wear most types of armour.
You are amphibious.
You can wear up to eight rings at the same time.
Your skin changes colour to match your surroundings (Stealth+).
Your rubbery body absorbs attacks. (AC +1, EV +1)
((You are camouflaged near water. (Stealth+)))
You have tentacles for arms and can constrict up to eight enemies at once.


Message History

You closely miss the steam dragon. The steam dragon misses you.
The steam dragon claws you.
You hit the steam dragon.
The steam dragon is lightly wounded.
You hit the steam dragon. Your squeeze misses the steam dragon.
The steam dragon is lightly wounded.
The steam dragon breathes steam at you. The ball of steam hits you!
You hit the steam dragon but do no damage.
You squeeze the steam dragon!
The steam dragon is moderately wounded.
You are engulfed in a cloud of scalding steam.
The steam dragon bites you. The steam dragon barely misses you.
You hit the steam dragon but do no damage.
The steam dragon is moderately wounded.
You are engulfed in a cloud of scalding steam.
You barely miss the steam dragon. Your squeeze misses the steam dragon.
The steam dragon is moderately wounded.
You are engulfed in a cloud of scalding steam.
The steam dragon barely misses you. The steam dragon claws you.
You are too injured to fight recklessly!
You are too injured to fight recklessly!
You are too injured to fight recklessly!
You are too injured to fight recklessly!
You are too injured to fight recklessly!
You are too injured to fight recklessly!
You are too injured to fight recklessly!
You are too injured to fight recklessly!
You are too injured to fight recklessly!
You hit the steam dragon.
The steam dragon is heavily wounded.
You are engulfed in a cloud of scalding steam.
You hit the steam dragon but do no damage.
The steam dragon is heavily wounded.
You are engulfed in a cloud of scalding steam.
* * * LOW HITPOINT WARNING * * *
The steam dragon breathes steam at you. The ball of steam hits you!!
You die...
Your body crumbles into a pile of gold.

.....########....#........##...##
.....# .....#######+######+#
.....# ##...# .. ###'## #...##...
....#########.........
.....#..........##...#
.....#.....##§..# ####.
.....#.....##§.§##......
....##.......§.§@D...#
....##.....##§§.##...#
....##.....##...# ..#
...........###### ..#
....##.....# .# ....##........ #
....##.....##. ....#####+## .
####≈


You could see a steam dragon (catching breath).

Vanquished Creatures
  An ogre (D:6)
  A necrophage (D:5)
  2 scorpions
  2 centaur zombies (D:5)
  A hound (D:5)
  A jelly (D:4)
  5 orc priests
  A centaur skeleton (D:5)
  A gnoll shaman (D:4)
  An iguana (D:5)
  Natasha (thrice) (D:3)
  A howler monkey zombie (D:6)
  8 gnolls
  7 adders
  A shadow imp (D:5)
  An ufetubus (D:6)
  An adder skeleton (D:4)
  3 worms
  2 dart slugs
  12 orcs
  3 endoplasms
  6 giant cockroaches
  11 goblins
  7 hobgoblins
  3 jackals (D:1)
  5 kobolds
  A quokka (D:2)
  6 ball pythons
  7 bats
  2 frilled lizards
  6 rats
112 creatures vanquished.

Vanquished Creatures (others)
  A wizard (D:5)
1 creature vanquished.

Grand Total: 113 creatures vanquished

Notes
Turn   | Place    | Note
-------+----------+-------------------------------------------
     0 | D:1      | Delamore the Octopode Brigand began the quest for the Orb.
     0 | D:1      | Reached XP level 1. HP: 14/14 MP: 1/1
   271 | D:1      | Reached XP level 2. HP: 19/19 MP: 2/2
   406 | D:1      | Found a faded altar of an unknown god.
   861 | D:1      | Reached XP level 3. HP: 25/25 MP: 3/3
  1188 | D:2      | Reached skill level 3 in Short Blades
  1589 | D:2      | Reached XP level 4. HP: 23/30 MP: 4/4
  2069 | D:3      | Noticed Natasha
  2081 | D:3      | Killed Natasha
  2083 | D:3      | HP: 1/30 [kobold (4)]
  2575 | D:3      | Noticed Natasha
  2777 | D:3      | Killed Natasha
  2778 | D:3      | Reached skill level 4 in Short Blades
  2778 | D:3      | Reached XP level 5. HP: 12/36 MP: 5/5
  3062 | D:3      | Noticed Natasha
  3066 | D:3      | Killed Natasha
  3192 | D:3      | Reached XP level 6. HP: 42/42 MP: 6/6
  3241 | D:3      | Reached skill level 5 in Short Blades
  3414 | D:3      | Found Sit Jaoz's Weapon Emporium.
  3776 | D:4      | Found a staircase to the Ecumenical Temple.
  3918 | Temple   | Entered the Ecumenical Temple
  4115 | Temple   | Became a worshipper of Gozag Ym Sagoz the Greedy
  4201 | D:4      | Reached XP level 7. HP: 30/46 MP: 7/7
  4474 | D:4      | Found a runed translucent door.
  4475 | D:4      | Noticed Quickbrownfox's ghost (amateur DsIE)
  4639 | D:4      | Reached skill level 6 in Short Blades
  5201 | D:5      | Entered Level 5 of the Dungeon
  5270 | D:5      | Found a sparkling altar of Nemelex Xobeh.
  5473 | D:5      | Found a bloodstained altar of Trog.
  5474 | D:5      | Noticed a wizard
  5479 | D:5      | Killed a wizard
  5629 | D:5      | Reached skill level 7 in Short Blades
  6149 | D:6      | Reached XP level 8. HP: 44/52 MP: 8/8
  6759 | D:6      | Reached skill level 5 in Dodging
  7033 | D:6      | Killed from afar by a steam dragon

Illustrated notes

Levels and vault maps discovered:
D:1:      lightli_molten_gateway, layout_loops_ring,
          ebering_ecumenical_altar_sacrificial, serial_bayou_lake_a
D:2:      layout_loops_ring
D:3:      layout_loops_corners, serial_shops, shop, uniq_natasha
D:4:      layout_loops_ring, minmay_temple_entry_sparse_star,
          ebering_ghost_reflecting_pool, chequers_serial_rivers_small_a,
          minmay_misc_feat_diagonals, hangedman_decor_points, chequers_arboretum
D:5:      layout_rooms, overflow_temple_1_default, trog_wizard,
          serial_bayou_ford_a, minmay_hedge_maze, minivault_27
D:6:      layout_gridville, nicolae_elyvilon_peaceful_grove
Temple:   minmay_temple_curvy_branch

Skill      XL: |  1  2  3  4  5  6  7  8 |
---------------+-------------------------+-----
Short Blades   | 3 4 5 7 |  7.6
Dodging        | 2 3 4 5 |  5.0
Fighting       | 3 |  3.0
Throwing       | |  2.0
Stealth        | |  5.3

Action                   |  1- 3 |  4- 6 |  7- 9 || total
-------------------------+-------+-------+-------++-------
Melee: Dagger            |    51 |   103 |   124 ||   278
       Constrict         |     6 |    20 |    19 ||    45
       Tentacles         |     3 |    15 |    38 ||    56
Throw: Dart              |       |       |     6 ||     6
Evoke: Wand              |       |       |     1 ||     1
  Use: Scroll            |     4 |     4 |     1 ||     9
       Potion            |       |     1 |       ||     1
 Stab: Sleeping          |    20 |    17 |     6 ||    43
Armor: Skin              |     2 |       |     4 ||     6
Dodge: Dodged            |    21 |    49 |    58 ||   128
